 Dungeon Crawl Stone Soup version 0.29.1-13-g9f3cf754e1 (webtiles) character file.

Game seed: 10109418681052062768

2625 cheesebisquit the Cleaver (level 9, -18/80 HPs)
             Began as a Minotaur Fighter on Jan 29, 2023.
             Was a Follower of Makhleb.
             Demolished by a large abomination (29 damage)
             ... on level 1 of the Abyss.
             The game lasted 00:35:40 (7760 turns).

cheesebisquit the Cleaver (Minotaur Fighter)        Turns: 7760, Time: 00:35:40

Health: -18/80     AC: 17    Str: 25    XL:     9   Next: 34%
Magic:  0/8        EV:  9    Int:  5    God:    Makhleb [*.....]
Gold:   9          SH:  5    Dex: 10    Spells: 8/8 levels left

rFire   . . .      SeeInvis .   a - +3 war axe
rCold   . . .      Faith    .   c - +0 buckler
rNeg    . . .      Spirit   +   f - +3 scale mail of the Gastropod {rElec rPois}
rPois   +          Reflect  .   (helmet restricted)
rElec   +          Harm     .   v - +2 cloak
rCorr   .          Rampage  .   (no gloves)
Will    +....                   h - +2 pair of boots
Stlth   ..........              s - amulet of guardian spirit
HPRegen 0.23/turn               e - +4 ring of slaying
MPRegen 0.11/turn               n - ring of willpower

@: about to teleport
A: horns 2, retaliatory headbutt
a: Renounce Religion


You were on level 1 of the Abyss.
You worshipped Makhleb.
Makhleb was aware of your devotion.
You visited 2 branches of the dungeon, and saw 8 of its levels.
You visited the Abyss 1 time.

You collected 280 gold pieces.
You spent 271 gold pieces at shops.

Inventory:

Hand Weapons
 a - a +3 war axe (weapon)
 l - a +2 hand axe of pain
Missiles
 t - 5 curare-tipped darts (quivered)
 x - 3 throwing nets
Armour
 c - a +0 buckler (worn)
 f - the +3 scale mail of the Gastropod (worn) {rElec rPois}
   (You took it off a gnoll on level 4 of the Dungeon)

   rElec:     It insulates you from electricity.
   rPois:     It protects you from poison.
 h - a +2 pair of boots (worn)
 v - a +2 cloak (worn)
Jewellery
 e - a +4 ring of slaying (left hand)
 n - a ring of willpower (right hand)
 r - the ring "Joton" {Contam rPois Int+6 Dex+4}
   (You found it on level 3 of the Dungeon)

   [ring of intelligence]

   Int:       It affects your intelligence (+6).
   Dex:       It affects your dexterity (+4).
   rPois:     It protects you from poison.
   Contam:    It causes magical contamination when unequipped.
 s - an amulet of guardian spirit (around neck)
Wands
 p - a wand of iceblast (5)
Scrolls
 b - a scroll of teleportation
 d - a scroll of fear
 i - 3 scrolls of identify
 w - a scroll of amnesia
 A - a scroll of silence
Potions
 g - 3 potions of ambrosia
 j - a potion of lignification
 k - 2 potions of attraction
 o - a potion of heal wounds
 B - a potion of magic


   Skills:
 + Level 7.7 Fighting
 * Level 10.0 Axes
 + Level 7.7 Armour
 + Level 7.8 Shields


You had 8 spell levels left.
You didn't know any spells.
Your spell library was empty.

Dungeon Overview and Level Annotations

Branches:
Dungeon (7/15)             Temple (1/1) D:4

Altars:
Ashenzari
Cheibriados
Dithmenos
Elyvilon
Gozag
Hepliaklqana
Kikubaaqudgha
Makhleb
Nemelex Xobeh
Okawaru
Qazlal
Ru
Sif Muna
Trog
Uskayaw
Vehumet
Wu Jian
Xom
Yredelemnul
Zin
The Shining One

Shops:
D:3 (?**(   D:4 [   D:6 =

Annotations:
D:6 1 runed translucent door, Vulpanium's ghost, novice DrMo
D:7 Prince Ribbit


Innate Abilities, Weirdness & Mutations

You have a pair of horns on your head.
You reflexively headbutt those who attack you in melee.


Message History

The large abomination is moderately damaged.
You hit the large abomination but do no damage.
You feel sick.
The large abomination hits you but does no damage.
The green death gestures at you.
The bolt of poison hits the large abomination.
The large abomination completely resists.
The bolt of poison hits you! You resist.
You feel sick.
The large abomination barely misses you.
The large abomination attacks as you move away!
You block the large abomination's attack.
You feel sick. The green death gestures at you.
The bolt of poison hits the large abomination.
The large abomination completely resists.
The bolt of poison hits you!
You are more poisoned.
You resist.
As you read the scroll of fear, it crumbles to dust.
You assume a fearsome visage.
The large abomination is unaffected.
The green death resists with some effort.
The large abomination is unaffected.
* * * LOW HITPOINT WARNING * * *
You feel very sick.
You block the large abomination's attack.
The large abomination closely misses you.
You furiously retaliate!
You headbutt the large abomination. The large abomination hits you!!
* * * LOW HITPOINT WARNING * * *
As you read the scroll of teleportation, it crumbles to dust.
You feel strangely unstable.
You feel the power of the Abyss delaying your translocation!
* * * LOW HITPOINT WARNING * * *
You feel very sick.
The large abomination closely misses you.
You furiously retaliate!
You headbutt the large abomination.
You block the large abomination's attack.
You feel better. The large abomination hits you!!
You die...

.... .☼○. . #######
###..##...#... .# #
... ..##.###.#.#.# .
.#....((......... .
....#.###......###.#
.... .#. ##.#.## . .
#..2# .. ##XX## .
##@.# #.......#
#...#.... ..~~~~~≈~
..~###### ...~#
#..~# #..~#


You could see a green death and 2 large abominations.

Vanquished Creatures
  A troll (D:6)
  Sigmund (D:2)
  The ghost of shadowmeld the Insei, an amateur DjMo (D:3)
  2 water moccasins
  2 black bears
  2 ice beasts
  A centaur (D:6)
  4 ogres
  2 bullfrogs
  2 scorpions
  A gnoll sergeant (D:6)
  4 hounds
  A human zombie (D:4)
  A jelly (D:5)
  Crazy Yiuf (D:3)
  An orc priest (D:4)
  A gnoll bouda (D:4)
  3 iguanas
  Ijyb (D:4)
  2 orc wizards
  2 human skeletons (D:4)
  Robin (D:2)
  15 gnolls
  5 adders
  An ufetubus (D:5)
  3 dart slugs
  12 orcs
  8 bats
  11 endoplasms
  2 giant cockroaches (D:1)
  20 goblins
  8 hobgoblins
  2 jackals (D:2)
  3 quokkas
  8 ball pythons
  2 frilled lizards (D:1)
  6 kobolds
  An orc skeleton (D:4)
  2 orc zombies (D:4)
  9 rats
155 creatures vanquished.

Vanquished Creatures (others)
  2 withered plants (D:6)
2 creatures vanquished.

Grand Total: 157 creatures vanquished

Notes
Turn   | Place    | Note
-------+----------+-------------------------------------------
     0 | D:1      | cheesebisquit the Minotaur Fighter began the quest for the
                  | Orb.
     0 | D:1      | Reached XP level 1. HP: 19/19 MP: 0/0
    46 | D:1      | Found a faded altar of an unknown god.
    46 | D:1      | Noticed a floating eye
    52 | D:1      | Noticed a shining eye
    60 | D:1      | Noticed a floating eye
   134 | D:1      | Noticed a great orb of eyes
   216 | D:1      | Reached XP level 2. HP: 27/27 MP: 1/1
   235 | D:1      | Reached skill level 3 in Axes
   728 | D:1      | Reached XP level 3. HP: 33/33 MP: 2/2
  1242 | D:2      | Noticed Robin
  1261 | D:2      | Killed Robin
  1476 | D:2      | Noticed Sigmund
  1503 | D:1      | Reached XP level 4. HP: 15/40 MP: 3/3
  1930 | D:2      | Reached skill level 4 in Axes
  2289 | D:2      | Killed Sigmund
  2290 | D:2      | Reached skill level 5 in Axes
  2290 | D:2      | Reached XP level 5. HP: 47/47 MP: 4/4
  2599 | D:3      | Found Bailycee's Assorted Antiques.
  2599 | D:3      | Found Muagg's Magic Scroll Shop.
  2619 | D:3      | Bought a scroll of enchant weapon for 90 gold pieces
  2644 | D:3      | Reached XP level 6. HP: 55/55 MP: 5/5
  2649 | D:3      | Found Homeox's Weapon Boutique.
  2760 | D:3      | Found a runed translucent door.
  2761 | D:3      | Noticed Crazy Yiuf
  3107 | D:3      | Found Gaho's Assorted Antiques.
  3112 | D:3      | Identified the ring "Joton" {Contam rPois Int+6 Dex+4}
  3141 | D:3      | Found an ornate altar of the Wu Jian Council.
  3200 | D:3      | Noticed shadowmeld's ghost (amateur DjMo)
  3201 | D:3      | Found a transporter.
  3207 | D:3      | Found a transporter.
  3280 | D:3      | Identified the +5 mace of Ofaffu {spect, rElec rF+++ MP+9
                  | Dex-4}
  3427 | D:3      | Reached skill level 5 in Armour
  3427 | D:3      | Reached skill level 5 in Shields
  3504 | D:3      | Found Xaska Wut's Antique Weapon Emporium.
  3720 | D:3      | Killed Crazy Yiuf
  3721 | D:3      | Reached skill level 5 in Fighting
  3838 | D:3      | Reached skill level 6 in Axes
  3845 | D:3      | Killed shadowmeld's ghost
  3846 | D:3      | Reached XP level 7. HP: 47/61 MP: 2/6
  3966 | D:4      | Found a broken altar of Ashenzari.
  3970 | D:4      | Saw a vision of the Shoals and the Spider Nest.
  3970 | D:4      | Noticed an emperor scorpion
  3970 | D:4      | Noticed a demonic crawler
  3970 | D:4      | Noticed a redback
  3970 | D:4      | Noticed a wolf spider
  3970 | D:4      | Noticed a redback
  3970 | D:4      | Noticed a merfolk
  3970 | D:4      | Noticed a sea snake
  3970 | D:4      | Noticed a water elemental
  3970 | D:4      | Noticed a harpy
  3970 | D:4      | Noticed a wind drake
  3970 | D:4      | Noticed a manticore
  3970 | D:4      | Noticed a manticore
  3970 | D:4      | Noticed a harpy
  3970 | D:4      | Noticed a merfolk aquamancer
  3970 | D:4      | Noticed a meliai
  3971 | D:4      | Noticed a cyclops
  3972 | D:4      | Noticed a culicivora
  3972 | D:4      | Noticed a jumping spider
  3972 | D:4      | Noticed a redback
  3972 | D:4      | Noticed a wolf spider
  3973 | D:4      | Noticed an orb spider
  3973 | D:4      | Noticed a merfolk
  3973 | D:4      | Noticed a merfolk
  4104 | D:3      | Bought a scroll of identify for 24 gold pieces
  4104 | D:3      | Bought a scroll of identify for 24 gold pieces
  4104 | D:3      | Bought a scroll of identify for 24 gold pieces
  4336 | D:4      | Noticed a tarantella
  4369 | D:4      | Found a staircase to the Ecumenical Temple.
  4390 | Temple   | Entered the Ecumenical Temple
  4406 | Temple   | Became a worshipper of Makhleb the Destroyer
  4445 | D:4      | Noticed Ijyb
  4450 | D:4      | Killed Ijyb
  4789 | D:4      | Identified the +3 scale mail of the Gastropod {rElec rPois}
  4837 | D:4      | Found Rires's Antique Armour Shoppe.
  4846 | D:4      | Reached skill level 7 in Axes
  5057 | D:4      | Reached XP level 8. HP: 70/70 MP: 7/7
  5315 | D:5      | Entered Level 5 of the Dungeon
  5903 | D:5      | Reached skill level 8 in Axes
  6047 | D:5      | Reached * piety under Makhleb
  6439 | D:5      | Found an iron altar of Okawaru.
  6508 | D:6      | Noticed a troll
  6517 | D:6      | Killed a troll
  6518 | D:6      | Reached skill level 9 in Axes
  6520 | D:6      | Reached XP level 9. HP: 72/79 MP: 5/8
  6640 | D:6      | Found Weboguk's Jewellery Shop.
  7084 | D:6      | Found a sparkling altar of Nemelex Xobeh.
  7088 | D:6      | Found a white marble altar of Elyvilon.
  7093 | D:6      | Found a bloodstained altar of Trog.
  7186 | D:6      | Found a runed translucent door.
  7186 | D:6      | Noticed Vulpanium's ghost (novice DrMo)
  7391 | D:3      | Bought a scroll labelled JINUIRPHERER for 28 gold pieces
  7391 | D:3      | Bought a lumpy golden potion for 25 gold pieces
  7396 | D:3      | Bought a scroll of identify for 56 gold pieces
  7617 | D:7      | Reached skill level 10 in Axes
  7639 | D:7      | Noticed Prince Ribbit
  7647 | Abyss:1  | Cast into level 1 of the Abyss (gnoll)
  7695 | Abyss:1  | Noticed a worldbinder
  7737 | Abyss:1  | Noticed a green death
  7751 | Abyss:1  | Noticed a large abomination
  7759 | Abyss:1  | HP: 2/80 [poisoned by a green death (bolt of poison)]
  7760 | Abyss:1  | Demolished by a large abomination

Illustrated notes

Levels and vault maps discovered:
D:1:      dpeg_arrival_simpleton_a, layout_basic,
          hellmonk_ecumenical_altar_watching_god, serial_park_tiny_pond
D:2:      layout_basic, uniq_sigmund, uniq_robin
D:3:      layout_basic, nzn_wu_jian_contemplation, gammafunk_ghost_smash,
          serial_shops, shop, nicolae_shop_hallway_stairs, shop,
          nicolae_diamond_shop, nicolae_square_shop,
          nicolae_elevator_lobby_plus, uniq_crazy_yiuf_cottage
D:4:      layout_cave_pods, grunt_ashenzari_visionary
          [grunt_ashenzari_visionary_shoals, grunt_ashenzari_visionary_spider],
          minmay_temple_entry_waves, serial_shops, nicolae_square_shop,
          nicolae_ossuary_entry_catacombs, uniq_ijyb
D:5:      layout_rooms, okawaru_altar_gauntlet_db
D:6:      layout_rooms, grunt_temple_overflow_diamond, serial_shops, shop,
          gammafunk_ghost_grave
D:7:      layout_basic, enter_bailey_4, uniq_menkaure, uniq_prince_ribbit1
Temple:   hellmonk_temple_of_storms
Abyss:1:  base: D:7, evilmike_abyss_exit_chaos, base:
D:7

Skill      XL: |  1  2  3  4  5  6  7  8  9 |
---------------+----------------------------+-----
Axes           | 3 5 6 7 9 10 | 10.0
Armour         | 4 5 6 7 |  7.7
Shields        | 4 5 6 7 |  7.8
Fighting       | 4 5 6 7 |  7.7

Action                   |  1- 3 |  4- 6 |  7- 9 || total
-------------------------+-------+-------+-------++-------
Melee: War axe           |    76 |    55 |   147 ||   278
       Headbutt          |     5 |    10 |    23 ||    38
Throw: Dart              |     1 |    23 |    32 ||    56
       Boomerang         |       |       |     4 ||     4
  Use: Scroll            |       |     3 |    20 ||    23
       Potion            |       |     2 |     4 ||     6
Armor: Scale mail        |    45 |    16 |    99 ||   160
Dodge: Dodged            |    34 |    18 |    72 ||   124
Block: Buckler           |    15 |     4 |    38 ||    57
